 Dungeon Crawl Stone Soup version 0.23.2-40-g277498a001 (webtiles) character file.

Game seed: 11989044082558504527

59 Martska the Skirmisher (level 4, 0/40 HPs)
             Began as a Hill Orc Fighter on Oct 2, 2019.
             Slain by a goblin (2 damage)
             ... led by Robin
             ... on level 1 of the Dungeon.
             The game lasted 00:10:15 (2046 turns).

Martska the Skirmisher (Hill Orc Fighter)           Turns: 2046, Time: 00:10:15

Health: 0/40       AC: 11    Str: 21 (23) XL:     4   Next: 3%
Magic:  4/4        EV:  4    Int:  6 (8)  God:
Gold:   77         SH:  9    Dex: 10 (11) Spells: 3/3 levels left

rFire    . . .     SeeInvis .   a - +0 war axe
rCold    . . .     Gourm    .   c - +0 shield
rNeg     . . .     Faith    .   j - +0 plate armour
rPois    .         Spirit   .   (no helmet)
rElec    .         Reflect  .   (no cloak)
rCorr    .         Harm     .   (no gloves)
MR       .....                  (no boots)
Stlth    ..........             (no amulet)
HPRegen  0.13/turn              (no ring)
MPRegen  0.09/turn              (no ring)

@: mighty, lethally poisoned (0 -> -2)
A: no striking features
a: no special abilities


You were on level 1 of the Dungeon.
You were not hungry.

You visited 1 branch of the dungeon, and saw 2 of its levels.

You collected 77 gold pieces.

Inventory:

Hand Weapons
 a - a +0 war axe (weapon)
Armour
 b - a +0 scale mail
 c - a +0 shield (worn)
 j - a +0 plate armour (worn)
Scrolls
 e - 4 scrolls of identify {unknown}
 h - a scroll of teleportation {unknown}
 i - a scroll of enchant weapon {unknown}
Comestibles
 f - a ration


   Skills:
 + Level 4.2 Fighting
 + Level 3.8 Axes
 + Level 3.6 Armour
 + Level 0.2 Dodging
 + Level 3.8 Shields


You had 3 spell levels left.
You didn't know any spells.
Your spell library was empty.

Dungeon Overview and Level Annotations

Branches:
Dungeon (2/15)

Altars:

Annotations:
D:2 Robin


Message History

* * * LOW HITPOINT WARNING * * *
You feel sick. The goblin barely misses you.
The goblin hits you but does no damage. You block the goblin's attack.
The goblin hits you but does no damage. You block the hobgoblin's attack.
You climb upwards.
The sky beast hits you but does no damage. x2
There is a stone staircase leading down here.
You slash the hobgoblin!
You kill the hobgoblin!
You have reached level 4!
You completely miss the goblin. You slash the goblin!
You kill the goblin!
You hit the goblin.
Your shield prevents you from hitting the sky beast.
* * * LOW HITPOINT WARNING * * *
You feel sick.
The goblin no longer looks unusually strong. x2
You block the goblin's attack. The goblin hits you but does no damage.
You block the sky beast's attack. The goblin hits you.
You die...

....####'#####'#....#.##.#.......
....# #.##.........#.##.#.....#.
....# #.##.........#.##.#.....#.
.#'## #.##.........#............
.#.#####.##.........####.......#.
##.........#...................#.
#.#####.#.#.#.##.#............#.
##.# #.#.#...#gY.....#.......##
...# #.#.#.#.#@)####.#.......#
##.# #.#.#.#.#†g.###.#.......##
#.# #.#.#.....g.........(.....
#.# #.#.#.#.#..####.........#.
#.# #.#.#.#.#.................
#.# #.#.#.#.#...........#...##
#.# #.#.#Y#.#..#####....#...#
##[# #.#.#.#....#####...(#...##
...# #.#.#...............#.....


You could see a sky beast and 3 goblins.

Vanquished Creatures
  An adder (D:2)
  An ooze (D:2)
  A worm (D:2)
  2 dart slugs (D:1)
  3 giant cockroaches
  7 goblins
  4 hobgoblins
  5 jackals
  A quokka (D:2)
  2 bats
  4 kobolds
  6 rats
37 creatures vanquished.

Notes
Turn   | Place    | Note
-------+----------+-------------------------------------------
     0 | D:1      | Martska the Hill Orc Fighter began the quest for the Orb.
     0 | D:1      | Reached XP level 1. HP: 19/19 MP: 1/1
   356 | D:1      | Reached skill level 4 in Fighting
   356 | D:1      | Reached XP level 2. HP: 26/27 MP: 2/2
  1147 | D:2      | Reached XP level 3. HP: 33/33 MP: 3/3
  1199 | D:2      | Noticed a sky beast
  2031 | D:2      | Noticed Robin
  2046 | D:1      | Reached XP level 4. HP: 3/40 MP: 4/4
  2046 | D:1      | HP: 2/40 [poisoned by a goblin]
  2046 | D:1      | Slain by a goblin

Skill      XL: |  1  2 |
---------------+-------+-----
Fighting       | 4 |  4.2
Axes           | 3 |  3.8
Armour         | |  3.6
Dodging        | |  0.2
Shields        | |  3.8

Action                   |  1- 3 |  4- 6 || total
-------------------------+-------+-------++-------
Melee: War axe           |   111 |       ||   111
  Use: Potion            |     2 |       ||     2
  Eat: Ration            |     1 |       ||     1
Armor: Scale mail        |    11 |       ||    11
       Plate armour      |    99 |     1 ||   100
Dodge: Dodged            |    33 |       ||    33
Block: Shield            |    94 |     2 ||    96
